 Dungeon Crawl Stone Soup version 0.20.1-1-g8b1a95d (webtiles) character file.

88 gobwax the Insei (level 4, -2/38 HPs)
             Began as a Naga Transmuter on Sept 9, 2017.
             Killed from afar by Sigmund (7 damage)
             ... with a puff of flame
             ... on level 2 of the Dungeon.
             The game lasted 00:04:40 (2034 turns).

gobwax the Insei (Naga Transmuter)                  Turns: 2034, Time: 00:04:40

Health: -2/38      AC:  2    Str: 12    XL:     4   Next: 54%
Magic:  2/8        EV: 19    Int: 14    God:
Gold:   162        SH:  0    Dex: 17    Spells: 4/8 levels left

rFire    . . .     SeeInvis +     - Unarmed
rCold    . . .     Gourm    .   (shield currently unavailable)
rNeg     . . .     Faith    .   (armour currently unavailable)
rPois    x         Spirit   .   (helmet currently unavailable)
rElec    .         Reflect  .   (cloak currently unavailable)
rCorr    .         Harm     .   (gloves currently unavailable)
MR       .....                  (no barding)
Stlth    ++........             (no amulet)
Regen    0.2/turn               (no ring)
MPRegen  0.2/turn               (no ring)

@: spider-form (expiring), very slightly contaminated
A: see invisible, slow metabolism 1, spit poison 1, AC +1
a: Spit Poison, End Transformation


You were on level 2 of the Dungeon.
You were very hungry.
You were a venomous arachnid creature.
You visited 1 branch of the dungeon, and saw 2 of its levels.

You collected 162 gold pieces.

Inventory:

Missiles
 a - 12 arrows
 g - 2 tomahawks of returning (quivered)
Armour
 b - a +2 robe (melded)
Jewellery
 j - a cursed ring of loudness {unknown}
Scrolls
 e - a scroll of magic mapping
 n - 2 scrolls of enchant armour
Potions
 h - a potion of cancellation {unknown}
 i - a potion of haste {unknown}
 k - a potion of might {unknown}
 l - a potion of curing {unknown}
Books
 c - a book of Changes

   Spells                             Type                      Level
   a - Beastly Appendage              Transmutation                1
   b - Sticks to Snakes               Transmutation                2
   c - Spider Form                    Transmutation/Poison         3
   d - Ice Form                       Ice/Transmutation            4
   e - Blade Hands                    Transmutation                5
Comestibles
 d - a bread ration


   Skills:
 + Level 1.1 Fighting
 + Level 1.9 Dodging
 - Level 0.4 Stealth
 * Level 4.0 Unarmed Combat
 * Level 2.7 Spellcasting
 + Level 2.4 Transmutations
 * Level 1.0 Poison Magic


You had 4 spell levels left.
You knew the following spells:

 Your Spells              Type           Power        Failure   Level  Hunger
a - Beastly Appendage     Tmut           #.....       22%         1    #......
b - Spider Form           Tmut/Pois      #.........   54%         3    ###....


Dungeon Overview and Level Annotations

Branches:
Dungeon (2/15)

Altars:

Annotations:
D:2 Sigmund


Innate Abilities, Weirdness & Mutations

You cannot wear boots.
((Your serpentine skin is tough. (AC +1)))
You have supernaturally acute eyesight. (SInv)
((Armour fits poorly on your strangely shaped body.))
((Your system is resistant to poisons. (rPois)))
((You cover ground very slowly.))
You have a slow metabolism.
You can spit poison.


Message History

Sigmund is lightly wounded.
Your transformation is almost over.
Sigmund misses you.
You hit Sigmund.
Sigmund looks as sick as possible!
Sigmund is moderately wounded.
You hit Sigmund.
Sigmund looks as sick as possible!
Sigmund is moderately wounded.
Sigmund misses you.
You bite Sigmund!
Sigmund looks as sick as possible!
Sigmund is severely wounded.
Sigmund hits you with a scythe of distortion!
Space warps horribly around you!
Ouch! That really hurt!
* * * LOW HITPOINT WARNING * * *
You hit Sigmund but do no damage.
Sigmund looks as sick as possible!
Sigmund is severely wounded.
Sigmund misses you. Sigmund gestures at you while chanting.
The puff of flame hits you!
You die...

#.### #.<.#
#######.#
......... #
......... #.
.#####..# #.###
#.). #...# #...
#s# .#####.## #.#
#......... #.#
#.......#. #@#
##########
#.########### ###
#.....@.....####.@
###########..)....
######.# #.#


You could see Sigmund (invisible).

Vanquished Creatures
  Jessica (D:2)
  An adder (D:2)
  An ooze (D:1)
  2 worms (D:2)
  2 dart slugs (D:1)
  6 bats
  3 giant cockroaches
  4 goblins (D:2)
  8 hobgoblins
  2 quokkas (D:2)
  5 frilled lizards
  A kobold (D:2)
  4 rats
40 creatures vanquished.

Notes
Turn   | Place    | Note
-------+----------+-------------------------------------------
     0 | D:1      | gobwax the Naga Transmuter began the quest for the Orb.
     0 | D:1      | Reached XP level 1. HP: 18/18 MP: 3/3
    66 | D:1      | Reached XP level 2. HP: 20/25 MP: 5/5
   582 | D:1      | Reached XP level 3. HP: 26/31 MP: 4/6
  1448 | D:2      | Learned a level 3 spell: Spider Form
  1498 | D:2      | Reached XP level 4. HP: 15/38 MP: 7/7
  1801 | D:2      | Reached skill level 4 in Unarmed Combat
  1802 | D:2      | Noticed Jessica
  1803 | D:2      | Killed Jessica
  1803 | D:2      | Reached skill level 1 in Poison Magic
  1877 | D:2      | Noticed Sigmund
  2034 | D:2      | Killed from afar by Sigmund

Skill      XL: |  1  2  3  4 |
---------------+-------------+-----
Unarmed Combat | 4 |  4.0
Poison Magic   | 1 |  1.0
Fighting       | |  1.1
Dodging        | |  1.9
Stealth        | |  0.4
Spellcasting   | |  2.7
Transmutations | |  2.4

Action                   |  1- 3 |  4- 6 || total
-------------------------+-------+-------++-------
Melee: Unarmed           |   116 |    14 ||   130
       Headbutt          |    15 |       ||    15
       Punch             |     2 |       ||     2
Throw: Tomahawk          |     3 |       ||     3
 Cast: Beastly Appendage |    22 |     1 ||    23
       Spider Form       |       |     2 ||     2
 Abil: Spit Poison       |     4 |     2 ||     6
  Use: Scroll            |       |     4 ||     4
  Eat: Chunk             |     2 |       ||     2
Armor: Robe              |    15 |     1 ||    16
Dodge: Dodged            |    62 |     8 ||    70
